 Dungeon Crawl Stone Soup version 0.20-a0-689-g860b9ab (webtiles) character file.

178 Alarkh the Magician (level 5, -13/35 HPs)
             Began as a Mummy Fire Elementalist on Feb 19, 2017.
             Killed from afar by an orc wizard (16 damage)
             ... with a wand of flame (?/48)
             ... on level 4 of the Dungeon.
             The game lasted 00:03:10 (2385 turns).

Alarkh the Magician (Mummy Fire Elementalist)       Turns: 2385, Time: 00:03:11

Health: -13/35     AC:  5    Str: 11    XL:     5   Next: 32%
Magic:  5/11       EV: 14    Int: 21    God:
Gold:   200        SH:  0    Dex: 12    Spells: 2/13 levels left

rFire    x . .     SeeInvis .   a - +0 falchion
rCold    + . .     Gourm    .   l - +0 robe
rNeg     + + +     Faith    .   (no shield)
rPois    ∞         Spirit   .   h - +2 helmet
rElec    .         Reflect  .   (no cloak)
rCorr    .         Harm     .   (no gloves)
MR       .....                  (no boots)
Stlth    ++........             (no amulet)
Regen    0.2/turn               m - +2 ring of evasion
MPRegen  0.2/turn               k - +5 ring of intelligence (curse)

@: no status effects
A: no food or potions, fire vulnerability, cold resistance 1, negative energy
resistance 3, torment resistance, unbreathing
a: no special abilities


You were on level 4 of the Dungeon.
You were not hungry.

You visited 1 branch of the dungeon, and saw 4 of its levels.

You collected 200 gold pieces.

Inventory:

Hand Weapons
 a - a +0 falchion (weapon)
 c - a +0 dagger
 d - a +0 mace
Armour
 h - a +2 helmet (worn)
 l - a +0 robe (worn)
Jewellery
 k - a cursed +5 ring of intelligence (left hand)
 m - a +2 ring of evasion (right hand)
Wands
 q - a wand of random effects (27/48)
Scrolls
 e - a scroll of identify
 f - 2 scrolls of fear
 g - 2 scrolls of remove curse
 i - a scroll of enchant weapon {unknown}
 j - 2 scrolls of fog {unknown}
 n - a scroll of teleportation {unknown}
 o - a scroll of amnesia {unknown}
 p - a scroll of magic mapping {unknown}
 r - 2 scrolls of blinking {unknown}
Books
 b - a book of Flames

   Spells                             Type                      Level
   a - Flame Tongue                   Conjuration/Fire             1
   b - Throw Flame                    Conjuration/Fire             2
   c - Conjure Flame                  Conjuration/Fire             3
   d - Inner Flame                    Hexes/Fire                   3
   e - Sticky Flame                   Conjuration/Fire             4
   f - Fireball                       Conjuration/Fire             5


   Skills:
 - Level 1.5 Dodging
 - Level 1.5 Stealth
 + Level 4.5 Spellcasting
 + Level 2.5 Conjurations
 + Level 3.4 Fire Magic


You had 2 spell levels left.
You knew the following spells:

 Your Spells              Type           Power        Failure   Level  Hunger
a - Flame Tongue          Conj/Fire      ###..        3%          1    N/A
c - Conjure Flame         Conj/Fire      ###.....     12%         3    N/A
e - Sticky Flame          Conj/Fire      ###.....     34%         4    N/A
r - Inner Flame           Hex/Fire       ##......     21%         3    N/A

Dungeon Overview and Level Annotations

Branches:
Dungeon (4/15)
 Temple: D:4-7

Altars:
Elyvilon
The Shining One


Innate Abilities, Weirdness & Mutations

You do not eat or drink.
Your flesh is vulnerable to fire.
You are immune to poison.
Your flesh is cold resistant. (rC+)
You are immune to negative energy. (rN+++)
You are immune to unholy pain and torment.
You can survive without breathing.


Message History

Aiming: Flame Tongue
Press: ? - help, Shift-Dir - straight line, f/p - orc priest
Aim: an orc priest, wielding a falchion and wearing a ring mail (almost dead)
The flame tongue misses the orc priest.
The orc wizard zaps a wand.
The puff of flame hits you! The fire burns you terribly!
It is a wand of flame (?/48).
The orc priest mumbles some strange prayers to Beogh against you.
Beogh smites you!
* * * LOW HITPOINT WARNING * * *
A phantom comes into view.
Casting: Flame Tongue
Confirm with . or Enter, or press ? or * to list all spells.
Aiming: Flame Tongue
Press: ? - help, Shift-Dir - straight line, f/p - orc priest
Aim: an orc priest, wielding a falchion and wearing a ring mail (almost dead)
The flame tongue hits the orc priest.
You kill the orc priest!
The orc wizard zaps a wand.
The puff of flame hits you! The fire burns you terribly!
You die...

#.#..# #.... #.#... .#.>
#.#..# # .$. #.#... #
..#.. #.#... ..#.%.o
#.###. #... .W+# #.#.#.
..#..##)### ########.#...
#...o....@####......#.#...
...........).'......#.#...
###..####.####......#.#.#.
## #.#..<......#.#.#.
#.#.#.#'#####.#.#.
#.#.#.#.# #.#.#.
#.#.#.#.#####.#.#.
#.#...........#...
#.###)..........##


You could see a phantom and an orc wizard.

Vanquished Creatures
  A centaur skeleton (D:4)
  An orc wizard (D:4)
  An orc priest (D:4)
  3 adders
  A leopard gecko (D:2)
  An orc (D:3)
  A ball python (D:1)
  4 giant cockroaches
  7 goblins
  7 hobgoblins
  5 jackals
  A quokka (D:3)
  6 bats
  2 frilled lizards (D:1)
  7 kobolds
  12 rats
60 creatures vanquished.

Notes
Turn   | Place    | Note
-------+----------+-------------------------------------------
     0 | D:1      | Alarkh the Mummy Fire Elementalist began the quest for the Orb.
     0 | D:1      | Reached XP level 1. HP: 13/13 MP: 4/4
    91 | D:1      | Reached skill level 1 in Conjurations
   174 | D:1      | Reached XP level 2. HP: 7/19 MP: 0/5
   527 | D:1      | Reached skill level 3 in Spellcasting
   994 | D:2      | Reached XP level 3. HP: 24/24 MP: 5/7
  1495 | D:2      | Found a white marble altar of Elyvilon.
  1521 | D:2      | Reached XP level 4. HP: 28/30 MP: 0/9
  1701 | D:3      | Learned a level 3 spell: Conjure Flame
  1705 | D:3      | Learned a level 3 spell: Inner Flame
  2082 | D:3      | Found a glowing golden altar of the Shining One.
  2254 | D:4      | Reached skill level 4 in Spellcasting
  2316 | D:4      | Learned a level 4 spell: Sticky Flame
  2345 | D:4      | Reached XP level 5. HP: 33/35 MP: 4/11
  2385 | D:4      | Noticed a phantom
  2385 | D:4      | Killed from afar by an orc wizard

Vault maps used:
D:1:      dpeg_arrival_central
D:2:      mrwooster_statue_mirror, elyvilon_altar_5
D:3:      nicolae_tso_swordbearing_angel, first_bread
D:4:      hex_medium

Skill      XL: |  1  2  3  4 |
---------------+-------------+-----
Conjurations   | 1 2 |  2.5
Spellcasting   | 3 4 |  4.5
Fire Magic     | 3 |  3.4
Dodging        | |  1.5
Stealth        | |  1.5

Action                   |  1- 3 |  4- 6 || total
-------------------------+-------+-------++-------
Melee: Unarmed           |    10 |       ||    10
       Mace              |     2 |       ||     2
       Falchion          |     5 |     4 ||     9
 Cast: Flame Tongue      |    68 |    25 ||    93
       Sticky Flame      |       |     1 ||     1
  Use: Scroll            |     2 |     3 ||     5
 Stab: Sleeping          |     1 |     1 ||     2
Armor: Robe              |     8 |     4 ||    12
Dodge: Dodged            |    24 |     7 ||    31
       Rpst.: Falchion   |     2 |     1 ||     3
